Map: Dusk Towers

Players

Towelie - Winner!

  • Race: Zerg Zerg
  • League: Master

Miszu

  • Race: Zerg Zerg
  • League: Master

VOD

Have the link to the VOD?

Description

Time

  • Played on: June 20, 2016, 9:39 a.m.
  • Length: 3:50
Show
View Real Time Build Order
Export as new Build Order

Towelie Zerg - Winner!

Build Orders: Hatch First 

Get SALT Encoding   

  12  0:02  Drone  
  13  0:12  Overlord  
  13  0:18  Drone  
  13  0:20  Extractor  
  13  0:23  Drone  
  15  0:32  Drone  
  16  0:36  Drone  
  17  0:55  Hatchery  
  16  0:58  Drone  
  17  1:11  Spawning Pool  
  17  1:15  Drone  
  17  1:20  Drone  
  17  1:21  Drone  
  19  1:31  Overlord  
  19  1:59  Zergling x4, Spine Crawler  
  19  2:00  Queen  
  22  2:01  Spine Crawler  
  22  2:02  Zergling x2  
  22  2:09  Queen  
  22  2:13  Zergling x2  
  25  2:23  Spine Crawler  
  24  2:36  Queen  
  23  2:45  Queen  
  23  2:48  Zergling x4  
  27  3:11  Queen  
  29  3:17  Drone  
  29  3:18  Drone x2  
  29  3:19  Drone  
  33  3:26  Drone  
  36  3:28  Overlord  
  36  3:36  Spine Crawler  
Show
View Real Time Build Order
Export as new Build Order

Miszu Zerg 

Build Orders: Pool Only, Zergling Baneling 

Get SALT Encoding   

  12  0:00  Drone  
  13  0:13  Drone  
  14  0:16  Extractor  
  13  0:22  Drone  
  14  0:33  Spawning Pool  
  13  0:37  Drone  
  14  0:45  Overlord  
  14  1:20  Metabolic Boost, Queen  
  14  1:22  Zergling x4  
  14  1:23  Zergling x2  
  19  1:33  Overlord  
  19  1:43  Baneling Nest  
  19  1:45  Zergling x2  
  19  1:56  Zergling x2  
  20  2:09  Zergling x2  
  21  2:18  Zergling x2  
  22  2:28  Zergling x2  
  22  2:29  Zergling x6  
  26  2:33  Baneling x2  
  26  2:46  Zergling x2  
  26  2:50  Baneling x2  
  27  2:55  Zergling x2  
  27  3:03  Zergling x2  
  28  3:11  Baneling x3  
  28  3:12  Overlord  
  28  3:23  Baneling  
  28  3:24  Zergling x2  
Tags
 
Add a new tag
Caveats
  • Supply blocks, unpowered buildings, or Contaminate may cause inaccurate times.
  • Supply counts are checked every 10 seconds.